 Dungeon Crawl Stone Soup version 0.30-b1-2-g02819fbbbe (webtiles) character file.

Game seed: 17960781681924502397

5734 raph the Magician (level 10, -14/79 HPs)
             Began as a Gnoll Warper on Dec 23, 2023.
             Was an Initiate of Gozag.
             Demolished by a polar bear (25 damage)
             ... on level 8 of the Dungeon.
             The game lasted 00:14:32 (11899 turns).

raph the Magician (Gnoll Warper)                   Turns: 11899, Time: 00:14:33

Health: -14/79     AC: 11    Str: 11    XL:     10   Next: 77%
Magic:  21/21      EV: 18    Int: 21    God:    Gozag
Gold:   603        SH:  5    Dex: 11    Spells: 12/24 levels left

rFire   . . .        a - +0 scimitar (venom)
rCold   x . .        J - +0 buckler
rNeg    . . .        G - +3 leather armour "Zaydivvoefi" {rC- rCorr Int+8 Dex-4}
rPois   +            j - +1 hat
rElec   .            (no cloak)
rCorr   +            g - +0 pair of gloves
SInv    .            t - +1 pair of boots
Will    .....        (no amulet)
Stlth   +++          B - +5 ring of evasion
HPRegen 0.33/turn    i - ring of poison resistance
MPRegen 0.17/turn

%: no passive effects
@: no status effects
A: fangs 1, strong nose, distributed training
a: Renounce Religion, Potion Petition, Call Merchant, Bribe Branch


You were on level 8 of the Dungeon.
You worshipped Gozag.
Gozag was pleased with you.
You visited 1 branch of the dungeon, and saw 8 of its levels.
You also visited: Sewer.

You collected 961 gold pieces.
You spent 293 gold pieces at shops.
You paid 65 gold pieces to Gozag.

Inventory:

Hand Weapons
 a - a +0 scimitar of venom (weapon)
 m - a +0 falchion
 p - a +2 dagger of pain
 L - a +0 scimitar of freezing
Missiles
 d - 3 boomerangs of dispersal
 A - 2 silver javelins
 I - 3 poisoned darts (quivered)
 M - 3 boomerangs
Armour
 b - a +0 leather armour
 g - a +0 pair of gloves (worn)
 j - a +1 hat (worn)
 t - a +1 pair of boots (worn)
 G - the +3 leather armour "Zaydivvoefi" (worn) {rC- rCorr Int+8 Dex-4}
   (You bought it in a shop on level 2 of the Dungeon)

   Int:       It affects your intelligence (+8).
   Dex:       It affects your dexterity (-4).
   rC:        It makes you vulnerable to cold.
   rCorr:     It protects you from acid and corrosion.
 J - a +0 buckler (worn)
Jewellery
 i - a ring of poison resistance (right hand)
 s - a ring of fire
 z - a +6 ring of intelligence
 B - a +5 ring of evasion (left hand)
Wands
 q - a wand of roots (6)
 w - a wand of charming (23)
 H - a wand of digging (2)
Scrolls
 c - a scroll of blinking
 e - 3 scrolls of teleportation
 x - 4 scrolls of identify
 y - 2 scrolls of fear
 C - 2 scrolls of poison
 F - a scroll of amnesia
Potions
 f - a potion of attraction
 h - 2 potions of heal wounds
 k - 3 potions of might
 l - 4 potions of curing
 n - 2 potions of magic
 o - 2 potions of mutation
 r - 4 potions of flight
 u - a potion of brilliance
 v - a potion of invisibility
 D - a potion of resistance {unknown}
 E - a potion of degeneration {unknown}
 K - a potion of haste {unknown}


   Skills:
 + Level 7.5 Fighting
 + Level 5.8 Short Blades
 + Level 7.5 Long Blades
 + Level 5.8 Axes
 + Level 5.8 Maces & Flails
 + Level 5.8 Polearms
 + Level 5.8 Staves
 + Level 5.8 Ranged Weapons
 + Level 6.4 Throwing
 + Level 6.4 Armour
 + Level 7.5 Dodging
 + Level 5.8 Stealth
 + Level 5.8 Shields
 + Level 5.8 Unarmed Combat
 + Level 7.7 Spellcasting
 + Level 4.8 Conjurations
 + Level 4.8 Hexes
 + Level 4.8 Summonings
 + Level 4.8 Necromancy
 + Level 7.3 Translocations
 + Level 4.8 Transmutations
 + Level 4.8 Fire Magic
 + Level 4.8 Ice Magic
 + Level 4.8 Air Magic
 + Level 4.8 Earth Magic
 + Level 4.8 Poison Magic
 + Level 6.3 Invocations
 + Level 5.8 Evocations


You had 12 spell levels left.
You knew the following spells:

 Your Spells              Type           Power      Damage    Failure   Level
a - Blink                 Tloc           78%        N/A       1%          2
b - Teleport Other        Tloc           39%        N/A       1%          3
c - Vhi's Electric Charg  Tloc/Air       66%        N/A       3%          3
d - Manifold Assault      Tloc           39%        N/A       7%          4

Your spell library contained the following spells:

 Spells                   Type           Power      Damage    Failure   Level
 Freeze                   Ice            100%       1d10      1%          1
 Lesser Beckoning         Tloc           78%        N/A       1%          2
 Portal Projectile        Hex/Tloc       66%        N/A       3%          3
 Call Canine Familiar     Summ           28%        N/A       6%          3
 Frozen Ramparts          Ice            56%        1d9       6%          3
 Hailstorm                Conj/Ice       28%        3d8       6%          3
 Tukima's Dance           Hex            28%        N/A       6%          3
 Leda's Liquefaction      Hex/Erth       14%        N/A       19%         4
 Blade Hands              Tmut           14%        N/A       47%         5


Dungeon Overview and Level Annotations

Branches:
Dungeon (8/15)             Temple (0/1) D:6           Sewer (visited)
   Lair: D:8-11

Altars:
Gozag
Kikubaaqudgha
Nemelex Xobeh
Ru
Uskayaw
Vehumet
Yredelemnul

Shops:
D:2 *[:=

Annotations:
D:3 3 runed translucent doors, Kold's ghost, amateur FoFi
D:4 1 runed translucent door, Phaedo's ghost, amateur AtWr


Innate Abilities, Weirdness & Mutations

You have very sharp teeth.
Your uncanny sense of smell can sniff out nearby items.
Your experience applies equally to all skills.


Message History

The polar bear is severely wounded.
The polar bear goes berserk!
You hit the polar bear but do no damage.
The polar bear looks as sick as possible!
The polar bear is severely wounded.
The polar bear bites you!
The polar bear claws you but does no damage.
The polar bear closely misses you.
You closely miss the polar bear.
The polar bear is severely wounded.
The polar bear bites you. The polar bear completely misses you.
You block the polar bear's attack. The polar bear bites you!!
* * * LOW HITPOINT WARNING * * *
The polar bear completely misses you. The polar bear closely misses you.
You are too injured to fight recklessly!
You are too injured to fight recklessly!
You are too injured to fight recklessly!
You are too injured to fight recklessly!
You are too injured to fight recklessly!
You are too injured to fight recklessly!
You closely miss the polar bear.
The polar bear is almost dead.
The polar bear misses you.
The polar bear claws you but does no damage.
The polar bear barely misses you. You block the polar bear's attack.
The polar bear claws you but does no damage.
The polar bear completely misses you.
You barely miss the polar bear.
The polar bear is almost dead.
The polar bear bites you!
* * * LOW HITPOINT WARNING * * *
The polar bear completely misses you.
The polar bear claws you but does no damage.
Casting: Vhi's Electric Charge (dangerous; 3% risk of failure)
Confirm with . or Enter, or press ? or * to list all spells.
You can't charge at the polar bear because you're already next to there.
The polar bear rages.
The polar bear bites you!!
You die...
Your body crumbles into a pile of gold.

#.........# #.........#
#.........# #....>....#
#### #.........# #..#
#.........# ##..#
#####.###.###...#
........#.# #..##<#.###
........#.####.h@.....#
.$......#..# #........#
...$....##.# ##.......#
$.......##h## #..#.##.#
........##..# #....# .#
$.!$....###)###..#.# .#
........# #..).....# ..#
....$...# #.#......###.##
###.#######.#...........#


You could see a polar bear (berserk, extremely poisoned).

Vanquished Creatures
  A two-headed ogre (D:5)
  Pikel (D:7)
  Joseph (D:7)
  A rime drake (D:8)
  Grinder (D:5)
  An acid dragon (D:6)
  An orc warrior (D:7)
  6 ice beasts
  A black bear (D:7)
  2 wolves
  2 ogres
  A kobold brigand (D:8)
  2 bullfrogs
  8 scorpions
  13 wights
  6 killer bees (D:7)
  A howler monkey (D:8)
  9 hounds
  Ijyb (D:4)
  A jelly (D:6)
  An orc priest (D:8)
  A gnoll bouda (D:6)
  Jessica (D:2)
  A hell rat (Sewer)
  8 iguanas
  5 orc wizards
  14 adders
  3 gnolls (D:6)
  4 river rats
  2 shadow imps
  2 white imps
  An ufetubus (D:5)
  3 worms
  A dart slug (D:2)
  11 orcs
  3 bats
  8 endoplasms
  2 giant cockroaches
  5 goblins
  7 hobgoblins
  13 jackals
  3 quokkas
  7 ball pythons
  A frilled lizard (D:2)
  11 kobolds
  13 rats
  A bush (D:1)
192 creatures vanquished.

Vanquished Creatures (others)
  22 plants
22 creatures vanquished.

Grand Total: 214 creatures vanquished

Notes
Turn   | Place    | Note
-------+----------+-------------------------------------------
     0 | D:1      | raph the Gnoll Warper began the quest for the Orb.
     0 | D:1      | Reached XP level 1. HP: 20/20 MP: 6/6
   101 | D:1      | Reached XP level 2. HP: 20/26 MP: 7/7
   535 | D:1      | Reached skill level 5 in Spellcasting
   535 | D:1      | Reached XP level 3. HP: 29/31 MP: 7/9
   560 | D:1      | Learned a level 2 spell: Blink
   614 | D:1      | Reached skill level 1 in Invocations
  1465 | D:2      | Found Nieqiad's Book Shop.
  1514 | D:2      | Found Ysarutz's Antique Armour Shop.
  1563 | D:2      | Reached skill level 1 in Short Blades
  1563 | D:2      | Reached skill level 1 in Axes
  1563 | D:2      | Reached skill level 1 in Maces & Flails
  1563 | D:2      | Reached skill level 1 in Polearms
  1563 | D:2      | Reached skill level 1 in Staves
  1563 | D:2      | Reached skill level 1 in Ranged Weapons
  1563 | D:2      | Reached skill level 1 in Stealth
  1563 | D:2      | Reached skill level 1 in Shields
  1563 | D:2      | Reached skill level 1 in Unarmed Combat
  1563 | D:2      | Reached skill level 1 in Evocations
  1615 | D:2      | Found Zuteu's General Store.
  1623 | D:2      | Bought a +0 scimitar for 52 gold pieces
  1623 | D:2      | Bought a scroll of identify for 26 gold pieces
  1623 | D:2      | Bought a scroll of identify for 26 gold pieces
  1670 | D:2      | Reached XP level 4. HP: 13/38 MP: 11/11
  1981 | D:2      | Found Duiqamp's Jewellery Boutique.
  2036 | D:2      | Noticed Jessica
  2042 | D:2      | Killed Jessica
  2043 | D:2      | Reached skill level 1 in Conjurations
  2043 | D:2      | Reached skill level 1 in Hexes
  2043 | D:2      | Reached skill level 1 in Summonings
  2043 | D:2      | Reached skill level 1 in Necromancy
  2043 | D:2      | Reached skill level 1 in Transmutations
  2043 | D:2      | Reached skill level 1 in Fire Magic
  2043 | D:2      | Reached skill level 1 in Ice Magic
  2043 | D:2      | Reached skill level 1 in Air Magic
  2043 | D:2      | Reached skill level 1 in Earth Magic
  2043 | D:2      | Reached skill level 1 in Poison Magic
  2435 | D:3      | Found a faded altar of an unknown god.
  2451 | D:3      | Noticed a scorpion
  2467 | D:3      | Killed a scorpion
  2468 | D:3      | Reached XP level 5. HP: 14/43 MP: 12/12
  2835 | D:3      | Found a runed translucent gate.
  2835 | D:3      | Found a runed translucent gate.
  2863 | D:3      | Found a runed translucent gate.
  3134 | D:3      | Noticed Kold's ghost (amateur FoFi)
  3484 | D:4      | Learned a level 3 spell: Teleport Other
  3488 | D:4      | Learned a level 3 spell: Vhi's Electric Charge
  3531 | D:3      | Reached XP level 6. HP: 31/50 MP: 14/14
  3721 | D:4      | Reached skill level 5 in Fighting
  3721 | D:4      | Reached skill level 5 in Long Blades
  3721 | D:4      | Reached skill level 5 in Dodging
  3861 | D:4      | Found a glowing drain.
  3868 | Sewer    | Entered a sewer
  4105 | D:4      | Reached XP level 7. HP: 56/56 MP: 15/15
  4138 | D:4      | Found a runed translucent door.
  4363 | D:4      | Found a hide-covered altar of Uskayaw.
  4364 | D:4      | Found a sacrificial altar of Ru.
  4368 | D:4      | Found a radiant altar of Vehumet.
  4370 | D:4      | Found a basalt altar of Yredelemnul.
  4370 | D:4      | Found a sparkling altar of Nemelex Xobeh.
  4373 | D:4      | Found an opulent altar of Gozag.
  4383 | D:4      | Became a worshipper of Gozag Ym Sagoz the Greedy
  4475 | D:4      | Noticed Phaedo's ghost (amateur AtWr)
  4510 | D:5      | Entered Level 5 of the Dungeon
  4526 | D:5      | Noticed Ijyb
  4558 | D:4      | Killed Ijyb
  5217 | D:5      | Identified the +1 ring mail "Yxuepuz" {rF+++ Regen+ Int+2
                  | Stlth-}
  5444 | D:5      | Reached XP level 8. HP: 63/63 MP: 16/16
  5603 | D:5      | Noticed Grinder
  5979 | D:5      | Noticed a two-headed ogre
  6009 | D:5      | Killed a two-headed ogre
  6098 | D:5      | Killed Grinder
  6099 | D:5      | Reached XP level 9. HP: 39/69 MP: 14/18
  6640 | D:2      | Bought a twisted leather armour for 189 gold pieces
  6640 | D:2      | Identified the +3 leather armour "Zaydivvoefi" {rC- rCorr
                  | Int+8 Dex-4} (You bought it in a shop on level 2 of the
                  | Dungeon)
  6809 | D:6      | Reached skill level 5 in Throwing
  6809 | D:6      | Reached skill level 5 in Armour
  7529 | D:6      | Reached skill level 5 in Invocations
  7564 | D:6      | Found an ancient bone altar of Kikubaaqudgha.
  7796 | D:6      | Found a staircase to the Ecumenical Temple.
  8176 | D:7      | Noticed Joseph
  8193 | D:7      | Killed Joseph
  8650 | D:7      | Reached skill level 5 in Short Blades
  8650 | D:7      | Reached skill level 5 in Axes
  8650 | D:7      | Reached skill level 5 in Maces & Flails
  8650 | D:7      | Reached skill level 5 in Polearms
  8650 | D:7      | Reached skill level 5 in Staves
  8650 | D:7      | Reached skill level 5 in Ranged Weapons
  8650 | D:7      | Reached skill level 5 in Stealth
  8650 | D:7      | Reached skill level 5 in Shields
  8650 | D:7      | Reached skill level 5 in Unarmed Combat
  8650 | D:7      | Reached skill level 5 in Evocations
  8727 | D:7      | Reached XP level 10. HP: 75/76 MP: 20/20
  9090 | D:6      | Learned a level 4 spell: Manifold Assault
  9267 | D:7      | Noticed Pikel
  9288 | D:7      | Killed Pikel
 11899 | D:8      | Demolished by a polar bear

Illustrated notes

Levels and vault maps discovered:
D:1:      evilmike_arrival_rings, layout_loops_ring, serial_forest,
          infiniplex_forest_straight_2, infiniplex_forest_clump_diagonal,
          infiniplex_forest_end_2, infiniplex_forest_lined_room_2,
          infiniplex_forest_clump_tiny, infiniplex_forest_lined_1,
          minmay_pentomino_r2
D:2:      layout_rooms, serial_shops, shop, shop, shop, shop, uniq_jessica
D:3:      layout_loops_cross, basic_ecumenical_altar, gammafunk_ghost_split,
          corexii_corridor_pit, chequers_mini_garden, kennysheep_generic_room_5
D:4:      layout_gridville, minitemple, lightli_sewer_entry_pipes,
          ebering_ghost_sewer_d
D:5:      layout_cave_pools, serial_bayou, serial_bayou_pond_c,
          serial_bayou_pond_c, serial_bayou_lake_a, serial_bayou_pond_b,
          wad_floor_pattern_2, st_stairs_12, kennysheep_generic_room_9,
          uniq_ijyb, uniq_grinder
D:6:      layout_loops_ring, kiku_gazebo_pond_becter, minmay_temple_entry_glass,
          serial_bayou_crossing
D:7:      layout_basic, hangedman_decor_opposing, chequers_serial_rivers_room_a,
          uniq_joseph, uniq_pikel
D:8:      layout_rooms, hellmonk_lair_entry_icy, ebering_ghost_inner_flame,
          serial_corexii_hall, chequers_hall_statues_wall_a,
          corexii_hall_statues_s

Skill      XL: |  1  2  3  4  5  6  7  8  9 10 |
---------------+-------------------------------+-----
Spellcasting   | 5 6 7 |  7.7
Invocations    | 1 2 3 4 5 6 |  6.3
Short Blades   | 1 2 3 4 5 |  5.8
Axes           | 1 2 3 4 5 |  5.8
Maces & Flails | 1 2 3 4 5 |  5.8
Polearms       | 1 2 3 4 5 |  5.8
Staves         | 1 2 3 4 5 |  5.8
Ranged Weapons | 1 2 3 4 5 |  5.8
Stealth        | 1 2 3 4 5 |  5.8
Shields        | 1 2 3 4 5 |  5.8
Unarmed Combat | 1 2 3 4 5 |  5.8
Evocations     | 1 2 3 4 5 |  5.8
Conjurations   | 1 2 3 4 |  4.8
Hexes          | 1 2 3 4 |  4.8
Summonings     | 1 2 3 4 |  4.8
Necromancy     | 1 2 3 4 |  4.8
Transmutations | 1 2 3 4 |  4.8
Fire Magic     | 1 2 3 4 |  4.8
Ice Magic      | 1 2 3 4 |  4.8
Air Magic      | 1 2 3 4 |  4.8
Earth Magic    | 1 2 3 4 |  4.8
Poison Magic   | 1 2 3 4 |  4.8
Throwing       | 3 4 5 6 |  6.4
Armour         | 3 4 5 6 |  6.4
Fighting       | 5 6 7 |  7.5
Long Blades    | 5 6 7 |  7.5
Dodging        | 5 6 7 |  7.5
Translocations | 6 7 |  7.3

Action                     |  1- 3 |  4- 6 |  7- 9 | 10-12 || total
---------------------------+-------+-------+-------+-------++-------
  Melee: Falchion          |   297 |       |       |       ||   297
         Bite              |    45 |     5 |    33 |    18 ||   101
         Punch             |     4 |     9 |    10 |     2 ||    25
         Scimitar          |    15 |   171 |   262 |   206 ||   654
  Throw: Boomerang         |       |     1 |     3 |       ||     4
         Javelin           |       |       |     2 |       ||     2
         Dart              |       |       |     5 |     2 ||     7
   Cast: Vhi's Electric Ch |       |       |     2 |     9 ||    11
         Manifold Assault  |       |       |       |     6 ||     6
         Blink             |       |       |       |     2 ||     2
  Evoke: Wand              |       |       |     1 |       ||     1
    Use: Scroll            |     5 |    12 |     2 |     2 ||    21
         Potion            |     1 |     1 |       |       ||     2
   Stab: Sleeping          |     1 |     1 |     1 |     1 ||     4
         Distracted        |       |       |     1 |     1 ||     2
 Armour: Leather armour    |    44 |    59 |    75 |    63 ||   241
  Dodge: Dodged            |    90 |   138 |   246 |   181 ||   655
  Block: Buckler           |       |       |       |    44 ||    44
